Map: 2000 Atmospheres LE

Players

BratOK (Brat_OK)

  • Race: Terran Terran
  • League: Grandmaster

GOStephano (Stephano) - Winner!

  • Race: Zerg Zerg
  • League: Master

Event: DreamHack SC2 Masters 2021 Summer

VOD

Have the link to the VOD?

Description

Time

  • Played on: May 29, 2021, 10:46 a.m.
  • Length: 13:51

All games in this series

Show
View Real Time Build Order
Export as new Build Order

BratOK Terran 

Build Orders: Hellion Opening, Reaper Expand, Mech 

Get SALT Encoding   

  12  0:00  SCV  
  13  0:12  SCV  
  14  0:17  Supply Depot  
  14  0:24  SCV  
  15  0:38  SCV  
  15  0:40  Barracks  
  16  0:44  Refinery  
  16  0:50  SCV  
  17  1:02  SCV  
  18  1:14  SCV  
  19  1:27  Reaper, Orbital Command  
  20  1:38  Command Center  
  20  1:46  Supply Depot  
  20  1:53  SCV  
  21  1:59  Marine  
  22  2:05  SCV  
  23  2:12  Factory  
  23  2:21  Barracks Reactor, Bunker  
  23  2:24  SCV  
  23  2:29  Refinery  
  24  2:36  SCV  
  25  2:48  SCV  
  26  2:52  Orbital Command  
  26  2:58  Starport  
  26  3:00  SCV  
  26  3:02  Hellion x2  
  31  3:13  SCV  
  32  3:21  SCV  
  32  3:23  Barracks Tech Lab  
  32  3:24  Hellion x2  
  32  3:25  SCV  
  38  3:33  SCV, Supply Depot  
  39  3:37  SCV  
  39  3:39  Fusion Core  
  40  3:45  Supply Depot  
  40  3:47  SCV  
  41  3:49  Hellion x2  
  41  3:50  Marine  
  41  3:55  SCV  
  47  4:04  SCV  
  47  4:08  Supply Depot  
  48  4:10  Marine  
  48  4:13  SCV  
  48  4:17  Hellion x2  
  54  4:23  Supply Depot  
  54  4:31  SCV, Battlecruiser  
  60  4:37  Supply Depot  
  61  4:39  SCV  
  61  4:43  Hellion  
  61  4:44  Hellion  
  66  4:46  Armory  
  66  4:48  SCV  
  66  4:51  SCV  
  68  5:00  SCV  
  68  5:02  Supply Depot  
  68  5:03  SCV  
  68  5:06  Hellion x2  
  74  5:13  SCV  
  75  5:16  Command Center  
  75  5:17  SCV  
  76  5:28  Hellion x2  
  80  5:29  SCV  
  74  5:37  SCV  
  74  5:38  Refinery  
  74  5:40  Refinery, Battlecruiser  
  74  5:41  SCV  
  82  5:53  SCV  
  82  5:57  Hellion x2  
  85  6:00  SCV  
  80  6:05  SCV  
  73  6:12  SCV, Factory  
  73  6:17  SCV  
  73  6:18  Hellion x2  
  79  6:23  Terran Vehicle Weapons Level 1  
  79  6:24  SCV  
  80  6:28  Factory  
  80  6:29  SCV  
  81  6:36  SCV  
  82  6:40  Weapon Refit  
  82  6:41  SCV  
  82  6:43  Hellion x2  
  87  6:48  Refinery, SCV  
  87  6:51  Refinery  
  87  6:53  SCV  
  89  7:00  SCV  
  91  7:04  Factory Tech Lab  
  91  7:05  SCV  
  91  7:06  Orbital Command  
  91  7:09  Supply Depot  
  91  7:10  Supply Depot  
  91  7:11  Hellion x2  
  91  7:14  Factory Tech Lab  
  95  7:16  Battlecruiser  
  95  7:18  SCV x2  
  103  7:25  Siege Tank  
  106  7:30  SCV x2  
  106  7:32  SCV  
  109  7:38  Hellion, Siege Tank  
  109  7:39  Supply Depot  
  109  7:40  Supply Depot  
  109  7:42  SCV x2  
  116  7:44  SCV, Infernal Pre-Igniter  
  117  7:54  SCV x2  
  117  7:57  SCV  
  120  8:06  SCV x2  
  120  8:07  Supply Depot  
  120  8:08  Engineering Bay  
  120  8:09  SCV  
  120  8:10  Armory  
  120  8:12  Hellion x2, Siege Tank x2  
  133  8:18  SCV  
  134  8:25  Factory  
  134  8:27  SCV  
  134  8:28  Factory  
  134  8:32  SCV x2  
  137  8:41  Missile Turret x2  
  137  8:42  Missile Turret  
  137  8:43  Missile Turret  
  137  8:44  Missile Turret  
  137  9:01  Terran Vehicle Weapons Level 2, Command Center  
  137  9:02  Terran Vehicle And Ship Armor Level 1  
  125  9:08  Hellion, Siege Tank x2  
  116  9:10  Siege Tank  
  116  9:11  Factory Reactor  
  118  9:24  Missile Turret  
  118  9:26  Missile Turret  
  118  9:40  Cyclone, Factory Tech Lab  
  121  9:49  Siege Tank  
  121  9:50  Hellion  
  117  9:54  Hellion x3  
  117  9:58  Siege Tank  
  108  10:05  SCV x2  
  97  10:11  Hellion  
  97  10:12  Siege Tank  
  96  10:16  Hellion x3  
  99  10:21  Siege Tank  
  99  10:24  Orbital Command  
  99  10:26  SCV  
  87  10:30  Siege Tank  
  87  10:33  Orbital Command  
  87  10:42  SCV x2, Hellion  
  77  10:44  Siege Tank  
  80  10:52  Missile Turret x2  
  80  10:54  SCV  
  81  11:04  Siege Tank x2  
  81  11:05  Hellion x2  
  81  11:06  SCV  
  81  11:07  SCV x2  
  94  11:14  Terran Vehicle And Ship Armor Level 2  
  94  11:19  Hellion, Siege Tank  
  94  11:20  Hellion  
  94  11:21  SCV x2  
  94  11:25  SCV  
  104  11:26  Supply Depot  
  104  11:30  Hellion x2  
  108  11:36  Siege Tank x2  
  108  11:41  Hellion x2  
  112  11:49  Sensor Tower  
  112  11:51  Hellion x2, Siege Tank  
  112  11:53  SCV x2  
  121  11:59  Supply Depot x2  
  121  12:01  Supply Depot  
  121  12:02  Hellion x2  
  125  12:08  Siege Tank x2  
  125  12:12  SCV  
  132  12:20  Orbital Command  
  132  12:21  SCV x2, Hellion x2  
  138  12:23  Siege Tank  
  138  12:24  SCV  
  129  12:33  SCV x2  
  129  12:36  SCV  
  120  12:40  Siege Tank  
  120  12:41  Siege Tank  
  99  12:55  Cyclone  
  99  12:57  SCV x2  
  105  12:58  SCV  
  105  12:59  Orbital Command  
  105  13:00  Missile Turret  
  105  13:11  Widow Mine x3  
  111  13:13  Cyclone x2  
  111  13:24  SCV  
Show
View Real Time Build Order
Export as new Build Order

GOStephano Zerg - Winner!

Build Orders: Pool First 

Get SALT Encoding   

  12  0:00  Drone  
  13  0:12  Overlord  
  13  0:16  Drone  
  14  0:30  Drone  
  15  0:36  Spawning Pool  
  15  0:40  Drone  
  15  0:43  Drone  
  15  0:47  Drone  
  17  1:08  Hatchery  
  16  1:13  Drone  
  17  1:23  Zergling x4  
  19  1:27  Extractor  
  19  1:28  Zergling x2  
  19  1:31  Queen  
  21  1:41  Overlord  
  21  1:49  Drone  
  22  1:59  Drone  
  23  2:07  Queen  
  25  2:11  Drone  
  26  2:20  Queen  
  28  2:25  Drone x2  
  30  2:40  Hatchery  
  30  2:41  Drone  
  30  2:43  Metabolic Boost  
  30  2:49  Drone  
  30  2:50  Drone  
  32  2:53  Drone  
  32  2:56  Drone  
  34  2:59  Drone  
  34  3:00  Drone  
  36  3:06  Overlord  
  35  3:16  Drone  
  36  3:25  Drone x2  
  36  3:26  Drone, Queen  
  39  3:28  Drone x2  
  39  3:30  Drone  
  44  3:40  Overlord  
  44  3:51  Overlord  
  44  3:53  Drone x2  
  44  3:54  Drone x2  
  44  3:55  Queen  
  50  4:03  Zergling x4  
  50  4:05  Drone x3  
  50  4:06  Drone  
  50  4:07  Queen  
  58  4:13  Overlord  
  58  4:17  Drone  
  58  4:18  Drone x3  
  62  4:26  Drone  
  62  4:27  Drone  
  62  4:28  Queen  
  66  4:32  Drone x2  
  68  4:39  Drone  
  68  4:40  Drone  
  68  4:42  Extractor  
  68  4:43  Extractor  
  68  4:45  Zergling x4  
  70  4:48  Drone x3  
  70  4:49  Lair  
  70  4:51  Spore Crawler x2  
  71  4:53  Drone x3  
  74  5:02  Overlord  
  74  5:04  Spore Crawler  
  74  5:05  Evolution Chamber  
  74  5:06  Evolution Chamber  
  71  5:09  Roach Warren  
  71  5:10  Drone  
  71  5:12  Drone  
  71  5:13  Drone  
  73  5:15  Drone  
  73  5:17  Overlord  
  73  5:19  Overlord  
  74  5:25  Drone x2, Overlord  
  76  5:31  Drone x4  
  76  5:32  Drone x2, Overlord  
  82  5:36  Zerg Missile Weapons Level 1, Zerg Ground Armor Level 1  
  82  5:39  Extractor, Drone  
  82  5:40  Drone x2  
  82  5:41  Extractor  
  83  5:45  Extractor  
  83  5:48  Zergling x10  
  86  6:01  Drone x2  
  78  6:07  Overlord  
  78  6:08  Drone x8  
  86  6:12  Spire  
  86  6:15  Queen  
  82  6:29  Drone x2  
  82  6:30  Glial Reconstitution  
  84  6:33  Roach  
  84  6:34  Hatchery, Roach x4  
  93  6:40  Overlord  
  93  6:46  Overlord x2  
  92  6:47  Roach  
  94  6:57  Overlord  
  94  7:04  Roach x3  
  94  7:05  Roach x2  
  94  7:06  Roach x2  
  94  7:08  Queen x2  
  110  7:14  Spore Crawler  
  111  7:26  Zerg Flyer Weapons Level 1  
  111  7:27  Corruptor x7  
  125  7:30  Overseer  
  125  7:40  Corruptor  
  129  7:56  Corruptor  
  129  7:57  Corruptor  
  131  8:07  Roach x10  
  151  8:13  Drone  
  151  8:14  Overlord x2  
  151  8:15  Zerg Missile Weapons Level 2  
  150  8:29  Overlord x3  
  150  8:30  Overlord x2  
  148  8:39  Ravager x7  
  148  8:40  Zergling x12  
  145  9:09  Roach x9  
  171  9:10  Roach x6  
  171  9:15  Ravager  
  172  9:19  Drone x3  
  175  9:25  Ravager  
  175  9:26  Ravager  
  175  9:27  Zergling x16  
  175  9:29  Extractor  
  184  9:33  Extractor  
  184  9:37  Ravager x2  
  186  9:38  Zergling x8  
  186  9:43  Corruptor  
  166  9:55  Corruptor x2  
  166  9:57  Zergling x22  
  151  10:07  Corruptor x2  
  147  10:16  Corruptor x2  
  147  10:19  Zergling x6  
  147  10:20  Hatchery  
  139  10:31  Corruptor x2  
  139  10:34  Zergling x8  
  115  10:44  Corruptor x2  
  115  10:47  Roach  
  115  10:48  Roach  
  117  10:53  Roach x2  
  121  10:58  Drone x3  
  121  10:59  Drone  
  121  11:01  Drone  
  121  11:04  Drone x2  
  128  11:05  Ravager x2  
  128  11:07  Ravager  
  128  11:08  Ravager  
  132  11:12  Drone x4  
  136  11:22  Ravager x3  
  136  11:23  Roach x4  
  147  11:30  Roach x3  
  151  11:40  Roach x6  
  151  11:43  Overseer  
  163  11:51  Ravager x7  
  163  11:53  Drone x6  
  163  11:54  Drone  
  177  11:57  Infestation Pit  
  171  12:10  Roach x6  
  181  12:17  Zergling x14  
  153  12:31  Roach x8  
  157  12:38  Roach x5  
  155  12:45  Roach x4  
  155  12:51  Roach x5  
  155  12:56  Ravager x2  
  155  12:57  Ravager x3  
  155  12:58  Zergling x8  
  160  13:03  Ravager x4  
  164  13:08  Zergling x16  
  164  13:11  Ravager x3  
  175  13:21  Zergling x20  
Tags
 
Add a new tag
Caveats
  • Supply blocks, unpowered buildings, or Contaminate may cause inaccurate times.
  • Supply counts are checked every 10 seconds.